 Dungeon Crawl Stone Soup version 0.30-a0-352-g1e81539c98 (webtiles) character file.

Game seed: 5555395810773848450

435388 MrRokkomies the Deadly Accurate (level 22, -1/205 HPs)
             Began as an Armataur Gladiator on Nov 6, 2022.
             Was a High Priest of Uskayaw.
             Slain by a yaktaur captain (18 damage)
             ... on level 4 of the Vaults on Nov 7, 2022.
             The game lasted 02:46:58 (43792 turns).

MrRokkomies the Deadly Accurate (AtGl)             Turns: 43792, Time: 02:46:59

Health: -1/205     AC: 36    Str: 22    XL:     22   Next: 92%
Magic:  33/33      EV: 12    Int:  8    God:    Uskayaw [*****.]
Gold:   887        SH:  0    Dex: 18    Spells: 21/21 levels left

rFire   + . .      SeeInvis .    a - +6 lajatang (flame)
rCold   + + .      Faith    .    (shield currently unavailable)
rNeg    + . .      Spirit   .    u - +11 shadow dragon scales of the Shoals {rPois Stlth++++}
rPois   +          Reflect  .    (helmet restricted)
rElec   .          Harm     .    N - scarf {rC+ rF+}
rCorr   +          Roll     +    s - +1 Delatra's gloves {ID++}
Will    ++...                    H - +1 barding
Stlth   +++++++...               o - amulet of regeneration
HPRegen 1.34/turn                C - ring of Vowynyb {rC+ Will+ Str-3 Dex+7}
MPRegen 0.23/turn                T - ring of Yredelemnul's Reproof {rN+ rCorr EV+4 Str-3 Stlth+}

@: lethally poisoned (-1 -> -1)
A: large, rugged brown scales 3, deformed body, armoured tail, roll, long
tongue, awkward tongue, horns 2, clumsy 1, dopey 1, subdued magic 1
}: 2/15 runes: decaying, gossamer
a: Renounce Religion, Stomp, Line Pass, Grand Finale


You were on level 4 of the Vaults.
You worshipped Uskayaw.
Uskayaw was pleased with you.
You visited 7 branches of the dungeon, and saw 35 of its levels.
You also visited: Gauntlet, Ice Cave and Volcano.

You collected 4358 gold pieces.
You spent 3471 gold pieces at shops.

Inventory:

Hand Weapons
 a - a +6 lajatang of flaming (weapon)
Missiles
 c - 3 silver javelins
 e - 5 javelins (quivered)
 A - 7 curare-tipped darts
 I - a throwing net
 L - 8 datura-tipped darts
 O - 7 silver boomerangs
 Q - 5 boomerangs of dispersal
Armour
 s - the +1 Delatra's gloves (worn) {ID++}
   (You found it on level 3 of the Dungeon)

   It heals its wearer when they drink unknown potions.
   It restores its wearer's MP when they read unknown scrolls.
 u - the +11 shadow dragon scales of the Shoals (worn) {rPois Stlth++++}
   (You bought it in a shop on level 1 of the Vaults)

   rPois:     It protects you from poison.
   Stlth:     It makes you much more stealthy.
 H - a +1 barding (worn)
 N - a scarf of resistance (worn)
Jewellery
 j - a ring of protection from fire
 o - an amulet of regeneration (around neck)
 C - the ring of Vowynyb (left hand) {rC+ Will+ Str-3 Dex+7}
   (You bought it in a shop on level 2 of the Orcish Mines)

   [ring of willpower]

   Str:       It affects your strength (-3).
   Dex:       It affects your dexterity (+7).
   rC:        It protects you from cold.
   Will:      It increases your willpower.
 F - a ring of see invisible
 T - the ring of Yredelemnul's Reproof (right hand) {rN+ rCorr EV+4 Str-3 Stlth+}
   (You found it in a Gauntlet)

   [ring of evasion]

   EV:        It affects your evasion (+4).
   Str:       It affects your strength (-3).
   rN:        It protects you from negative energy.
   rCorr:     It protects you from acid and corrosion.
   Stlth:     It makes you more stealthy.
 U - a ring of willpower
Wands
 d - a wand of charming (35)
 g - a wand of digging (11)
 k - a wand of flame (57)
 q - a wand of polymorph (9)
 y - a wand of roots (17)
 K - a wand of mindburst (10)
 S - a wand of acid (5)
Scrolls
 f - 22 scrolls of identify
 i - 3 scrolls of poison
 n - 11 scrolls of teleportation
 v - a scroll of brand weapon
 x - 3 scrolls of fog
 E - 2 scrolls of blinking
 G - 4 scrolls of magic mapping
 P - 5 scrolls of fear
 Y - a scroll of silence
Potions
 h - 7 potions of curing
 l - a potion of might
 m - 2 potions of haste
 p - a potion of berserk rage
 r - 3 potions of ambrosia
 t - a potion of resistance
 w - 2 potions of mutation
 z - 10 potions of attraction
 B - 2 potions of magic
 D - 4 potions of brilliance
 J - 8 potions of flight
 M - a potion of cancellation
 R - a potion of invisibility
 V - 3 potions of heal wounds
Miscellaneous
 b - a condenser vane (inert)
 W - a tin of tremorstones (1/2)
 X - a phantom mirror
 Z - a lightning rod (4/4)


   Skills:
 + Level 15.2 Fighting
 - Level 14.0 Staves
 * Level 15.7 Throwing
 * Level 13.1 Armour
 - Level 8.5 Dodging
 - Level 10.0 Stealth
 - Level 15.0 Invocations
 - Level 12.3 Evocations


You had 21 spell levels left.
You didn't know any spells.
Your spell library contained the following spells:

 Spells                   Type           Power      Damage    Failure   Level
 Freeze                   Ice            0%         1d3       90%         1
 Sandblast                Erth           0%         2d4       90%         1
 Summon Small Mammal      Summ           0%         N/A       90%         1
 Cigotuvi's Dreadful Rot  Necr/Pois/Air  0%         N/A       97%         2
 Ensorcelled Hibernation  Hex/Ice        0%         N/A       97%         2
 Passwall                 Tmut/Erth      0%         N/A       97%         2
 Sublimation of Blood     Necr           0%         N/A       97%         2
 Call Canine Familiar     Summ           0%         N/A       99%         3
 Frozen Ramparts          Ice            0%         1d1       99%         3
 Hailstorm                Conj/Ice       0%         3d3       99%         3
 Portal Projectile        Hex/Tloc       0%         N/A       99%         3
 Spider Form              Tmut/Pois      0%         N/A       99%         3
 Stone Arrow              Conj/Erth      0%         3d7       99%         3
 Summon Guardian Golem    Hex/Summ       0%         N/A       99%         3
 Tukima's Dance           Hex            0%         N/A       99%         3
 Vhi's Electric Charge    Tloc/Air       0%         N/A       99%         3
 Anguish                  Hex/Necr       0%         N/A       100%        4
 Dispel Undead            Necr           0%         3d6       100%        4
 Petrify                  Tmut/Erth      0%         N/A       100%        4
 Summon Lightning Spire   Summ/Air       0%         N/A       100%        4
 Arcjolt                  Conj/Air       0%         1d10      100%        5
 Blade Hands              Tmut           0%         N/A       100%        5
 Freezing Cloud           Conj/Ice/Air   0%         6-21      100%        5
 Irradiate                Conj/Tmut      0%         3d11      100%        5
 Death Channel            Necr           0%         N/A       100%        6
 Simulacrum               Ice/Necr       0%         N/A       100%        6
 Storm Form               Tmut/Air       0%         N/A       100%        7
 Maxwell's Capacitive Co  Air            0%         ∞         100%        8
 Chain Lightning          Conj/Air       0%         N/A       100%        9
 Fire Storm               Conj/Fire      0%         5d1       100%        9
 Polar Vortex             Ice            0%         N/A       100%        9
 Shatter                  Erth           0%         3d5*      100%        9


Dungeon Overview and Level Annotations

Branches:
Dungeon (15/15)            Temple (1/1) D:7            Lair (5/5) D:11
  Swamp (4/4) Lair:2       Spider (4/4) Lair:3        Slime (0/5) Lair:4
    Orc (2/2) D:11            Elf (0/3) Orc:2        Vaults (3/5) D:13
 Depths (0/4) D:15          IceCv (visited)         Volcano (visited)
Gauntlet (visited)
  Crypt: Vaults:2-3

Altars:
Ashenzari
Cheibriados
Dithmenos
Elyvilon
Fedhas
Gozag
Hepliaklqana
Kikubaaqudgha
Makhleb
Nemelex Xobeh
Okawaru
Qazlal
Ru
Sif Muna
Trog
Uskayaw
Vehumet
Wu Jian
Xom
Yredelemnul
Zin
The Shining One
Jiyva

Shops:
D:1 [   D:5 (   D:14 *   Orc:2 ([*=   Vaults:1 [[**

Annotations:
D:5 2 transporters
D:13 2 transporters
Lair:3 3 runed translucent doors, borntocrawl's ghost, journeyman DgFE
Vaults:3 Frederick
Vaults:4 Aizul


Innate Abilities, Weirdness & Mutations

You are completely covered in rugged brown scales. (AC +3, +7% HP)
Armour fits poorly on your strangely shaped body.
You have a long armoured tail.
You roll when moving toward enemies. (Rampage)
Your long tongue fully drains potion bottles. (2x potion effects)
Your tongue gives you trouble enunciating. (1.5x scroll delay)
You have a pair of horns on your head.
You are clumsy. (Dex -2)
You are dopey. (Int -2)
Your spells are a little easier to cast, but a little less powerful.


Message History

You kill the ironbound convoker!
The burst of rock shards engulfs the yaktaur!!
You kill the yaktaur!
The burst of rock shards engulfs the yaktaur!
The burst of rock shards engulfs the ironbound frostheart!!
The burst of rock shards engulfs you!
* * * LOW HITPOINT WARNING * * *
The burst of rock shards engulfs the yaktaur captain.
The burst of rock shards engulfs the yaktaur captain!
The burst of rock shards engulfs the ironbound convoker.
The burst of rock shards engulfs the vault warden.
The burst of rock shards engulfs the yaktaur!
You kill the yaktaur!
The burst of rock shards engulfs the ironbound frostheart!!
You kill the ironbound frostheart!
The burst of rock shards engulfs you but does no damage.
The burst of rock shards engulfs the yaktaur captain! x2
The burst of rock shards engulfs the ironbound convoker!
The burst of rock shards engulfs the vault warden!
The burst of rock shards engulfs you but does no damage.
The burst of rock shards engulfs the yaktaur captain!
The burst of rock shards engulfs the yaktaur captain!!
You kill the yaktaur captain!
The burst of rock shards engulfs the ironbound convoker!
You kill the ironbound convoker!
You feel sick.
You hear a horrible gurgling sound!
Aizul hits you but does no damage.
The yaktaur captain is engulfed in poison gas.
The yaktaur captain looks as sick as possible!
The yaktaur captain hits you with a +0 flail.
* * * LOW HITPOINT WARNING * * *
The vault warden is engulfed in poison gas.
The vault warden looks as sick as possible!
The vault warden hits you with a +0 battleaxe!!
* * * LOW HITPOINT WARNING * * *
The yaktaur captain is engulfed in poison gas.
The yaktaur captain looks as sick as possible!
The yaktaur captain hits you!!
You die...

#... #...# #§§§# #.#.#
. #§§§####...#''#
######§§§#....[....#
..#.#§§§#....#..#.#
...#§§.#.).......#
#######§§§#+###+#######
.....§§p§§))...........
.....§§@c§.............
.....§§cS§.............
......§§§§.............
.......................
.......................
.......................
#######################


You could see Aizul, a vault warden (extremely poisoned) and 2 yaktaur captains.

Vanquished Creatures
  Bai Suzhen (Spider:3)
  A bone dragon (Swamp:4)
  Nikola (Swamp:2)
  Arachne (Spider:3)
  A tentacled monstrosity (Swamp:4)
  Rupert (D:13)
  A thorn hunter (Swamp:4)
  A tengu reaver (Vaults:1)
  6 emperor scorpions
  6 ghost moths
  6 vault wardens
  4 orc warlords
  6 ironbound preservers
  2 war gargoyles (Vaults:1)
  2 broodmothers
  2 very ugly things (Vaults:3)
  3 eleionomae
  9 ironbound thunderhulks
  A bunyip (Swamp:1)
  A minotaur (Gauntlet)
  4 dire elephants (Vaults:2)
  Snorg (D:14)
  2 spark wasps (Spider:4)
  A fire dragon (Volcano)
  A blizzard demon (Gauntlet)
  A shambling mangrove (Swamp:3)
  3 entropy weavers
  Fannar (D:10)
  2 crystal guardians
  8 yaktaur captains
  9 vault guards
  3 great orbs of eyes
  A catoblepas (Lair:1)
  2 jorogumos (Spider:3)
  3 ghost crabs
  7 hydras
  7 radroaches
  An ice dragon (Lair:2)
  3 peacekeepers
  A two-headed ogre (shapeshifter) (D:15)
  9 ironbound frosthearts
  9 boulder beetles
  8 alligators
  6 centaur warriors
  5 tengu warriors
  4 two-headed ogres
  10 death yaks
  An orc high priest (Orc:2)
  A spriggan berserker (Swamp:4)
  A death scarab (Spider:3)
  6 skeletal warriors
  A fire crab (shapeshifter) (D:15)
  2 sun moths
  7 pharaoh ants
  3 goliath frogs
  A spark wasp zombie (D:15)
  A flayed ghost (D:15)
  5 steelbarb worms
  A golden dragon skeleton (D:15)
  13 orb spiders
  8 bog bodies
  4 swamp dragons
  2 spriggan druids
  16 deep trolls
  2 obsidian statues
  A spectral hydra (Swamp:4)
  9 ironbound convokers
  3 wizards
  10 lindwurms
  9 orc knights
  2 harpies
  5 deep elf pyromancers
  A necromancer (D:15)
  21 wolf spiders
  4 orc sorcerers
  A phantasmal warrior (Swamp:4)
  4 cyclopes
  A frost giant zombie (D:15)
  9 ugly things
  5 will-o-the-wisps
  2 manticores (D:15)
  3 moths of wrath
  10 elephants
  Maurice (D:13)
  4 black mambas
  10 vault sentinels
  4 torpor snails
  An ice statue (IceCv)
  5 cane toads
  5 swamp worm zombies (Swamp:4)
  2 gargoyles
  2 unseen horrors (D:10)
  3 rime drakes
  5 demonic crawlers
  10 komodo dragons
  5 kobold demonologists
  An ice devil (IceCv)
  21 yaktaurs
  A minotaur zombie (Gauntlet)
  An anaconda simulacrum (IceCv)
  11 trolls
  3 bloated husks
  2 hydra zombies (Swamp:4)
  9 meliai
  8 tyrant leeches
  22 tarantellas
  5 hornets
  11 polar bears
  3 raiju (Lair:5)
  4 blink frogs (Lair:2)
  23 slime creatures
  3 alligator zombies (Swamp:4)
  4 dream sheep (Lair:5)
  A spectral swamp dragon (Swamp:4)
  21 culicivoras
  A centaur simulacrum (D:14)
  2 wraiths (D:12)
  30 jumping spiders
  2 shadows
  16 humans
  42 yaks
  4 spriggans
  2 vampires
  A ynoxinul (Gauntlet)
  8 fire bats (Volcano)
  7 wyverns
  A golden eye (D:10)
  2 steam dragons
  31 redbacks
  3 basilisks
  8 wargs
  13 vampire mosquitoes
  2 death yak simulacra (IceCv)
  A glowing shapeshifter zombie (D:15)
  16 swamp worms
  4 hydra simulacra (IceCv)
  15 hell hounds
  An acid dragon (D:11)
  A harpy simulacrum (IceCv)
  12 water moccasins
  4 swamp dragon zombies (Swamp:4)
  15 black bears
  35 orc warriors
  5 ice beasts
  3 swamp drakes (Swamp:2)
  28 wolves
  2 ogres
  5 boggarts (D:14)
  12 centaurs
  A phantom (D:7)
  6 kobold brigands
  Blork the orc (Orc:2)
  3 gnoll sergeants
  14 bullfrogs
  3 cane toad simulacra
  8 two-headed ogre simulacra (IceCv)
  A necrophage (D:6)
  4 scorpions
  3 elephant simulacra
  6 killer bees (D:10)
  6 electric eels (D:11)
  3 howler monkeys
  6 lava snakes (Volcano)
  3 hounds
  5 jellies
  16 orc priests
  3 iron imps (Gauntlet)
  6 iguanas
  Natasha (thrice) (D:4)
  23 orc wizards
  2 spectral swamp drakes (Swamp:4)
  2 polar bear simulacra
  5 troll simulacra (IceCv)
  5 spriggan simulacra (IceCv)
  2 wolf simulacra (IceCv)
  11 gnolls
  7 adders
  8 naga simulacra (IceCv)
  8 white imps
  5 ufetubi (IceCv)
  A worm (D:2)
  4 dart slugs
  62 orcs
  4 ball pythons
  3 bats
  5 endoplasms
  2 giant cockroaches (D:1)
  10 goblins
  5 hobgoblins
  10 jackals
  4 quokkas
  5 frilled lizards
  29 kobolds
  4 rats
  A briar patch (Swamp:4)
1216 creatures vanquished.

Vanquished Creatures (collateral kills)
  A vault warden (Vaults:3)
  A deep troll (Vaults:1)
  3 ironbound convokers
  A warg (Orc:2)
  A water moccasin (Lair:3)
  2 orc warriors (Orc:2)
9 creatures vanquished.

Vanquished Creatures (others)
  An ironbound preserver (Vaults:4)
  2 ghost crabs (Swamp:4)
  A swamp dragon (Swamp:4)
  3 yaktaurs
  3 bloated husks
  A centaur (D:12)
  5 phantoms (Swamp:4)
  A briar patch (Swamp:4)
  35 foxfires
  21 fungi
  38 plants
  2 withered plants (D:15)
113 creatures vanquished.

Grand Total: 1338 creatures vanquished

Notes
Turn   | Place    | Note
-------+----------+-------------------------------------------
     0 | D:1      | MrRokkomies the Armataur Gladiator began the quest for the
                  | Orb.
     0 | D:1      | Reached XP level 1. HP: 18/18 MP: 1/1
   119 | D:1      | Reached XP level 2. HP: 25/25 MP: 2/2
   166 | D:1      | Reached skill level 1 in Armour
   280 | D:1      | Found Benwatir's Antique Armour Emporium.
   868 | D:2      | Reached XP level 3. HP: 27/32 MP: 3/3
  1197 | D:2      | Found a faded altar of an unknown god.
  1209 | D:2      | Got Plato's Codex of Minerals
  1288 | D:2      | Found a hide-covered altar of Uskayaw.
  1709 | D:3      | Reached XP level 4. HP: 8/40 MP: 4/4
  1715 | D:3      | Noticed an orc warrior
  1983 | D:3      | Killed an orc warrior
  1984 | D:3      | Reached XP level 5. HP: 25/48 MP: 5/5
  2956 | D:3      | Found the +1 Delatra's gloves {ID++}
  3200 | D:4      | Reached XP level 6. HP: 47/55 MP: 6/6
  3442 | D:4      | Noticed Natasha
  3450 | D:4      | Killed Natasha
  3732 | D:4      | Noticed Natasha
  3739 | D:4      | Killed Natasha
  3889 | D:4      | Noticed Natasha
  3893 | D:4      | Killed Natasha
  3897 | D:5      | Entered Level 5 of the Dungeon
  3905 | D:5      | Found a snail-covered altar of Cheibriados.
  3913 | D:5      | Reached XP level 7. HP: 63/64 MP: 7/7
  3959 | D:5      | Found an ancient bone altar of Kikubaaqudgha.
  3984 | D:5      | Found Wicaosk's Weapon Emporium.
  3991 | D:5      | Reached skill level 5 in Staves
  4061 | D:5      | Found a transporter.
  4398 | D:5      | Found a transporter.
  4402 | D:5      | Reached skill level 5 in Fighting
  4853 | D:6      | Reached XP level 8. HP: 72/72 MP: 8/8
  5046 | D:6      | Found a white marble altar of Elyvilon.
  5428 | D:6      | Reached skill level 5 in Armour
  6047 | D:7      | Reached XP level 9. HP: 27/83 MP: 9/9
  6261 | D:7      | Found an iron altar of Okawaru.
  6320 | D:7      | Found a basalt altar of Yredelemnul.
  6328 | D:7      | Found a staircase to the Ecumenical Temple.
  6329 | D:7      | Identified the +1 ring mail "Lofiyck" {rN+ Regen+}
  6368 | Temple   | Entered the Ecumenical Temple
  6368 | Temple   | Found a transporter.
  6368 | Temple   | Found a transporter.
  6370 | Temple   | Found a transporter.
  6370 | Temple   | Found a transporter.
  6398 | Temple   | Became a worshipper of Uskayaw the Reveller
  6428 | D:7      | Reached * piety under Uskayaw
  6429 | D:7      | Reached ** piety under Uskayaw
  6462 | D:7      | Found a radiant altar of Vehumet.
  6702 | D:8      | Found a broken altar of Ashenzari.
  6702 | D:8      | Found a shimmering blue altar of Sif Muna.
  6708 | D:8      | Found a stormy altar of Qazlal.
  6714 | D:8      | Found a glowing golden altar of the Shining One.
  6719 | D:8      | Found a hazy altar of Hepliaklqana.
  6723 | D:8      | Found a sacrificial altar of Ru.
  6744 | D:8      | Reached skill level 1 in Invocations
  6748 | D:8      | Reached *** piety under Uskayaw
  6753 | D:8      | Reached **** piety under Uskayaw
  6759 | D:8      | Reached ***** piety under Uskayaw
  6777 | D:8      | Reached ****** piety under Uskayaw
  6911 | D:8      | Found a blossoming altar of Fedhas.
  7683 | D:9      | Noticed a two-headed ogre
  7700 | D:9      | Killed a two-headed ogre
  7764 | D:9      | Noticed a troll
  7774 | D:9      | Reached XP level 10. HP: 53/92 MP: 13/13
  7897 | D:9      | Gained mutation: You are weak. (Str -2) [potion of
                  | mutation]
  7897 | D:9      | Gained mutation: You are partially covered in iridescent
                  | scales. (AC +2) [potion of mutation]
  7897 | D:9      | Gained mutation: You are somewhat resistant to further
                  | mutation. [potion of mutation]
  7899 | D:9      | Reached skill level 5 in Invocations
  8195 | D:9      | Noticed a tengu warrior
  8227 | D:9      | Killed a tengu warrior
  8601 | D:10     | Entered Level 10 of the Dungeon
  8610 | D:10     | Noticed Sonja
  8612 | D:10     | Sonja changed into Sonja the golden eye
  8612 | D:10     | Noticed Sonja
  8616 | D:10     | Killed Sonja the golden eye
  8648 | D:10     | Noticed Fannar
  8678 | D:10     | Reached XP level 11. HP: 45/100 MP: 12/16
  8681 | D:10     | Killed Fannar
  8989 | D:1      | Bought a barding for 552 gold pieces
  9663 | D:11     | Noticed a boulder beetle
  9697 | D:11     | Killed a boulder beetle
  9698 | D:11     | Reached skill level 10 in Staves
  9849 | D:11     | Noticed a sixfirhy
  9857 | D:11     | Noticed a soul eater
  9867 | D:11     | Noticed a two-headed ogre
  9884 | D:11     | Killed a two-headed ogre
 10219 | D:11     | Found a glowing silver altar of Zin.
 10219 | D:11     | Noticed an angel
 10287 | D:11     | Noticed a two-headed ogre
 10298 | D:11     | Killed a two-headed ogre
 10498 | D:11     | Found a staircase to the Lair.
 10727 | D:11     | Found a staircase to the Orcish Mines.
 10929 | Lair:1   | Entered Level 1 of the Lair of Beasts
 11014 | Lair:1   | Reached XP level 12. HP: 110/111 MP: 18/18
 11384 | Lair:1   | Reached skill level 10 in Armour
 11632 | Lair:1   | Noticed a catoblepas
 11632 | Lair:1   | Noticed a death yak
 11659 | Lair:1   | Killed a catoblepas
 11660 | Lair:1   | Reached skill level 1 in Stealth
 11671 | Lair:1   | Killed a death yak
 11746 | Lair:1   | Identified the +8 spear of Bodily Humours {speed, rPois
                  | Int+5}
 11791 | Lair:1   | Reached skill level 10 in Invocations
 12833 | Lair:2   | Found a staircase to the Swamp.
 13097 | Lair:2   | Noticed an ice dragon
 13118 | Lair:2   | Killed an ice dragon
 13551 | Lair:3   | Found a gate leading to a gauntlet.
 13560 | Gauntlet | Entered a Gauntlet
 13560 | Gauntlet | Found a transporter.
 13560 | Gauntlet | Found a transporter.
 13566 | Gauntlet | Found a transporter.
 13566 | Gauntlet | Noticed a death scarab
 13578 | Gauntlet | Found a transporter.
 13596 | Gauntlet | Found a transporter.
 13596 | Gauntlet | Found a transporter.
 13596 | Gauntlet | Found a transporter.
 13598 | Gauntlet | Found a transporter.
 13598 | Gauntlet | Found a transporter.
 13600 | Gauntlet | Noticed a blizzard demon
 13619 | Gauntlet | Found a transporter.
 13625 | Gauntlet | Found a runed translucent door.
 13626 | Gauntlet | Found a transporter.
 13627 | Gauntlet | Found a runed translucent door.
 13635 | Gauntlet | Found a runed translucent gate.
 13636 | Gauntlet | Found a transporter.
 13636 | Gauntlet | Found a runed translucent gate.
 13637 | Gauntlet | Found a runed translucent gate.
 13650 | Gauntlet | Found a transporter.
 13670 | Gauntlet | Found a transporter.
 13786 | Gauntlet | Killed a blizzard demon
 13837 | Gauntlet | Reached XP level 13. HP: 120/120 MP: 21/21
 13873 | Gauntlet | Noticed a minotaur
 13894 | Gauntlet | Killed a minotaur
 13917 | Gauntlet | Identified the ring of Yredelemnul's Reproof {rN+ rCorr
                  | EV+4 Str-3 Stlth+}
 14103 | Lair:3   | Found a runed translucent gate.
 14103 | Lair:3   | Found a runed translucent gate.
 14103 | Lair:3   | Found a runed translucent gate.
 14115 | Lair:3   | Noticed a minotaur
 14121 | Lair:3   | Noticed borntocrawl's ghost (journeyman DgFE)
 14249 | Lair:3   | Reached skill level 10 in Fighting
 14270 | Lair:3   | Found a hide-covered altar of Uskayaw.
 14270 | Lair:3   | Found an ornate altar of the Wu Jian Council.
 14311 | Lair:3   | Reached skill level 5 in Stealth
 14433 | Lair:3   | Found a hole to the Spider Nest.
 15071 | Lair:4   | Found a shimmering blue altar of Sif Muna.
 15199 | Lair:4   | Found a viscous altar of Jiyva.
 15199 | Lair:4   | Found a staircase to the Slime Pits.
 15908 | Lair:5   | Entered Level 5 of the Lair of Beasts
 15948 | Lair:5   | Found a frozen archway.
 15979 | IceCv    | Entered an ice cave
 17561 | Lair:5   | Found a burning altar of Makhleb.
 18269 | Lair:5   | Reached XP level 14. HP: 104/130 MP: 23/23
 19477 | Orc:1    | Entered Level 1 of the Orcish Mines
 19513 | Orc:1    | Noticed an orc warlord
 19522 | Orc:1    | Killed an orc warlord
 19674 | Orc:1    | Found a dark tunnel.
 19684 | Volcano  | Entered a volcano
 19862 | Volcano  | Found a radiant altar of Vehumet.
 20096 | Volcano  | Identified the +1 pair of boots "Veicom" {Will++ MP+9 Str-4
                  | Int+3}
 20672 | Orc:2    | Entered Level 2 of the Orcish Mines
 20747 | Orc:2    | Found a staircase to the Elven Halls.
 20996 | Orc:2    | Noticed Blork the orc
 21013 | Orc:2    | Noticed an orc warlord
 21014 | Orc:2    | Killed Blork the orc
 21025 | Orc:2    | Reached skill level 5 in Throwing
 21041 | Orc:2    | Killed an orc warlord
 21041 | Orc:2    | Found Ujiopp's Antique Armour Boutique.
 21409 | Orc:2    | Found Emaopnie's Antique Weapon Boutique.
 21424 | Orc:2    | Found Peckucad's General Store.
 21474 | Orc:2    | Found Jadasini's Jewellery Boutique.
 21487 | Orc:2    | Bought the ring of Vowynyb {rC+ Will+ Str-3 Dex+7} for 568
                  | gold pieces
 21939 | D:12     | Found a shimmering altar of Xom.
 21993 | D:12     | Reached XP level 15. HP: 128/139 MP: 25/25
 22008 | D:12     | Identified the +7 battleaxe "Conservator" {protect, Drain
                  | Int+8}
 22317 | D:13     | Noticed Rupert
 22317 | D:13     | Found a gate to the Vaults.
 22318 | D:13     | Noticed Maurice
 22543 | D:13     | Killed Rupert
 22550 | D:13     | Killed Maurice
 22889 | D:13     | Found a transporter.
 23326 | D:13     | Found a transporter.
 23652 | D:14     | Found an ornate altar of the Wu Jian Council.
 23965 | D:14     | Noticed Snorg
 23976 | D:14     | Killed Snorg
 24222 | D:14     | Found Vim Jamekle's Assorted Antiques.
 24898 | D:15     | Entered Level 15 of the Dungeon
 25118 | D:15     | Reached skill level 1 in Evocations
 25134 | D:15     | Found a staircase to the Depths.
 25580 | D:15     | Reached skill level 10 in Stealth
 26176 | D:15     | Upgraded the game from 0.30-a0-347-gf58ed5266c to
                  | 0.30-a0-352-g1e81539c98
 26334 | Swamp:1  | Entered Level 1 of the Swamp
 26389 | Swamp:1  | Reached skill level 15 in Invocations
 26679 | Swamp:1  | Reached XP level 16. HP: 137/148 MP: 27/27
 27203 | Swamp:2  | Noticed Nikola
 27226 | Swamp:2  | Killed Nikola
 28252 | Swamp:3  | Reached skill level 5 in Evocations
 28877 | Swamp:3  | Reached skill level 5 in Dodging
 29171 | Swamp:4  | Entered Level 4 of the Swamp
 29403 | Swamp:4  | Noticed a thorn hunter
 29479 | Swamp:4  | Killed a thorn hunter
 29658 | Swamp:4  | Noticed a tentacled monstrosity
 29695 | Swamp:4  | Killed a tentacled monstrosity
 30207 | Swamp:4  | Identified the +4 spear of Chewing Infinite Pain {protect,
                  | rElec Will- Dex+6}
 30581 | Swamp:4  | Reached skill level 10 in Throwing
 31612 | Swamp:4  | Noticed a bone dragon
 31642 | Swamp:4  | Killed a bone dragon
 31742 | Swamp:4  | Got a decaying rune of Zot
 31917 | Spider:1 | Entered Level 1 of the Spider Nest
 32140 | Spider:1 | Gained mutation: You are very weak. (Str -4) [mutagenic
                  | glow]
 32230 | Lair:3   | Lost mutation: You are partially covered in iridescent
                  | scales. (AC +2) [potion of mutation]
 32230 | Lair:3   | Lost mutation: You are somewhat resistant to further
                  | mutation. [potion of mutation]
 32230 | Lair:3   | Lost mutation: You are very weak. (Str -4) [potion of
                  | mutation]
 32230 | Lair:3   | Lost mutation: You are weak. (Str -2) [potion of mutation]
 32230 | Lair:3   | Gained mutation: You are dopey. (Int -2) [potion of
                  | mutation]
 32230 | Lair:3   | Gained mutation: You are clumsy. (Dex -2) [potion of
                  | mutation]
 32230 | Lair:3   | Gained mutation: Your spells are a little easier to cast,
                  | but a little less powerful. [potion of mutation]
 32230 | Lair:3   | Gained mutation: You have a pair of small horns on your
                  | head. [potion of mutation]
 32230 | Lair:3   | Gained mutation: You have a pair of horns on your head.
                  | [potion of mutation]
 32775 | Spider:1 | Reached XP level 17. HP: 122/158 MP: 21/28
 34768 | Spider:3 | Noticed Arachne
 34798 | Spider:3 | Killed Arachne
 35035 | Spider:3 | HP: 6/159 [culicivora (11)]
 36219 | Spider:3 | Noticed Bai Suzhen
 36360 | Spider:3 | Killed Bai Suzhen
 36698 | Spider:4 | Entered Level 4 of the Spider Nest
 36962 | Spider:4 | Reached skill level 10 in Evocations
 38107 | Spider:4 | Reached XP level 18. HP: 156/169 MP: 10/29
 38298 | Spider:4 | Got a gossamer rune of Zot
 38305 | Spider:4 | Reached XP level 19. HP: 177/177 MP: 30/30
 38305 | Spider:4 | Reached XP level 20. HP: 185/185 MP: 31/31
 38306 | Spider:4 | Reached XP level 21. HP: 193/193 MP: 32/32
 38306 | Spider:4 | Reached XP level 22. HP: 202/202 MP: 33/33
 38921 | Vaults:1 | Entered Level 1 of the Vaults
 39544 | Vaults:1 | Found Ajyluaw's Assorted Antiques.
 39546 | Vaults:1 | Found Rewn's General Store.
 39555 | Vaults:1 | Bought a brown potion for 26 gold pieces
 39555 | Vaults:1 | Bought a glowing quarterstaff for 203 gold pieces
 39659 | Vaults:1 | Bought a scroll of blinking for 82 gold pieces
 39711 | Vaults:1 | Found Yvewutt's Antique Armour Shoppe.
 40399 | Vaults:1 | Found Wesorel's Antique Armour Shoppe.
 40408 | Vaults:1 | Bought twisted shadow dragon scales for 2040 gold pieces
 40408 | Vaults:1 | Identified the +11 shadow dragon scales of the Shoals
                  | {rPois Stlth++++} (You bought it in a shop on level 1 of
                  | the Vaults)
 41935 | Vaults:2 | Reached skill level 15 in Throwing
 42843 | Vaults:3 | Reached skill level 15 in Fighting
 43004 | Vaults:3 | Noticed Frederick
 43004 | Vaults:3 | You fall into a shaft and drop 1 floor!
 43634 | Vaults:4 | Noticed Aizul
 43792 | Vaults:4 | Slain by a yaktaur captain

Illustrated notes

Levels and vault maps discovered:
D:1:      tarquinn_simple_flora_water_c, layout_basic, serial_shops, shop,
          st_stairs_6
D:2:      layout_basic, basic_altar, shapermc_ecumenical_altar_rom_forum,
          serial_glass, glass_columns_a, glass_columns_a
D:3:      layout_loops_ring, pf_guarded_unrand_delatra
D:4:      layout_loops_ring, uniq_natasha
D:5:      gammafunk_cloud_chamber, layout_loops_ring,
          mainiacjoe_overflow_tiny_flanked, mainiacjoe_overflow_paths,
          serial_shops, shop
D:6:      layout_loops_ring, elyvilon_altar_1
D:7:      layout_rooms, yredelemnul_altar_generic,
          mainiacjoe_overflow_boulevard, mainiacjoe_overflow_alcove_1,
          minmay_temple_entry_slanted
D:8:      layout_basic, mainiacjoe_overflow_surrounded_room,
          nicolae_overflow_hallway_of_the_gods
D:9:      layout_long_grid
D:10:     layout_gridville, chequers_serial_rivers_micro_a, dk_vineyard_1,
          uniq_fannar, uniq_sonja
D:11:     layout_loops_ring, grunt_lair_entry_orc_guard_hut, david_orc_4,
          serial_bayou, serial_bayou_pond_c, serial_bayou_shore_b,
          serial_bayou_lagoon_a, serial_bayou_lagoon_b, zin_angel
D:12:     layout_roguey, xom_teletrap_fun
D:13:     gammafunk_worm_tunnel, layout_long_grid, david_vaults_3, uniq_maurice
D:14:     layout_grid_maze, nzn_wu_jian_contemplation, serial_shops,
          shop_fountains, uniq_snorg
D:15:     gammafunk_depths_entry_grave, layout_stronghold,
          minmay_misc_feat_diagonals, chequers_serial_rivers_marsh
Temple:   hellmonk_temple_divided_pantheon
Lair:1:   layout_small_grid, hangedman_lair_generics_rect, serial_bayou_shore_b,
          grunt_megastairs_1
Lair:2:   dragon1_lemuel, layout_hall_layers, swamp_mist_pool
Lair:3:   layout_roguey, spider_nest_entry_webs, maelrawn_ghost_gauntlet_escape,
          gauntlet_entry_generic, nzn_masters_of_martial_movement
Lair:4:   layout_regular_city, minmay_slime_entry_pillars, basic_altar,
          infiniplex_staircase_pool, uniq_rupert
Lair:5:   hangedman_lair_caniforms_friends, layout_small_grid,
          portal_ice_cave_entry_ice_simulacra, basic_altar, st_stairs_8,
          lemuel_fruit_tree
Swamp:1:  layout_falls_marsh, serial_swamp_ruin, evilmike_swamp_ruin_house_5,
          evilmike_swamp_ruin_house_6, hangedman_swamp_ruin_wall
Swamp:2:  layout_basic_swamp, evilmike_swamp_ruin_house_1, swamp_pool5,
          roderic_carrion_pond, infiniplex_staircase_pool_2, uniq_nikola
Swamp:3:  layout_falls_marsh, nicolae_swamp_orc_logging_accident
Swamp:4:  swamp_pestilence, layout_basic_swamp
Spider:1: layout_spider_delve
Spider:2: layout_chambers
Spider:3: nicolae_spider_hilbert_zone_1 [nicolae_spider_hilbert_4_sides_1_open,
          nicolae_spider_hilbert_4_sides_1_open,
          nicolae_spider_hilbert_4_sides_1_open,
          nicolae_spider_hilbert_4_sides_1_open,
          nicolae_spider_hilbert_3_sides_1_open,
          nicolae_spider_hilbert_3_sides_1_open,
          nicolae_spider_hilbert_3_sides_1_open,
          nicolae_spider_hilbert_3_sides_1_open,
          nicolae_spider_hilbert_3_sides_1_open,
          nicolae_spider_hilbert_6_sides_1_open,
          nicolae_spider_hilbert_6_sides_1_open,
          nicolae_spider_hilbert_3_sides_1_open,
          nicolae_spider_hilbert_3_sides_1_open,
          nicolae_spider_hilbert_3_sides_1_open,
          nicolae_spider_hilbert_3_sides_1_open,
          nicolae_spider_hilbert_2_sides_1_open], uniq_arachne, uniq_bai_suzhen
Spider:4: grunt_spider_rune_parallel
Orc:1:    layout_caves, nicolae_volcano_entry_two_sided
Orc:2:    grunt_orc_cross, layout_caves
Vaults:1: hangedman_vaults_capsules, nicolae_vaults_hallways_thing,
          vaults_room_large_hall, v_misc_22, grunt_vaults_focal,
          nicolae_vaults_ninety_degrees, vaults_room_guarded_vault,
          vaults_dpeg_hooks, ontoclasm_vaults_ring_square,
          ontoclasm_vaults_gateway, hangedman_vaults_cutoff,
          nicolae_vaults_little_squares_4, layout_vaults_ring, serial_shops,
          nicolae_shop_overgrown_old_shop, nicolae_shop_overgrown_old_shop,
          nicolae_shop_hallway_plus, nicolae_square_shop
Vaults:2: v_misc_12, hangedman_vaults_cutoff, vaults_room_fours,
          ontoclasm_vaults_ring_large, v_misc_24, nicolae_vaults_little_ls,
          nicolae_vaults_statue_guard, hangedman_vaults_cutoff,
          vaults_room_door_hall, vaults_room_door_ring,
          layout_vaults_chaotic_city
Vaults:3: v_misc_13, v_alt_pattern_2, minmay_crypt_entry_simple_walls, v_misc_9,
          nicolae_vaults_arrows, v_misc_26, v_misc_4, vaults_dpeg_ring,
          v_rooms_3, grunt_vaults_bifocal, vaults_dpeg_emergency_exit,
          nicolae_vaults_shelves_hall, layout_vaults_omnicross,
          nicolae_trove_entry_crystal, uniq_frederick, uniq_mara
Vaults:4: hangedman_vaults_maws, vaults_mumra_chevron,
          hangedman_vaults_restitches, nicolae_vaults_bisected_exclaves,
          hangedman_vaults_locks, vaults_room_hallway, v_misc_23,
          layout_vaults_quadrants, uniq_aizul

Skill      XL: |  1  2  3  4  5  6  7  8  9 10 11 12 13 14 15 16 17 18 19 20 21 22 |
---------------+-------------------------------------------------------------------+-----
Fighting       | 2 3 4 5 6 7 8 9 10 11 12 13 14 15 | 15.2
Armour         | 1 2 3 4 5 7 8 9 10 13 | 13.1
Staves         | 3 4 5 6 8 9 10 12 13 14 | 14.0
Dodging        | 3 4 5 7 8 |  8.5
Invocations    | 4 6 9 11 12 13 15 | 15.0
Stealth        | 4 6 8 10 | 10.0
Throwing       | 5 8 10 12 13 15 | 15.7
Evocations     | 3 8 10 11 12 | 12.3

Action                   |  1- 3 |  4- 6 |  7- 9 | 10-12 | 13-15 | 16-18 | 19-21 | 22-24 || total
-------------------------+-------+-------+-------+-------+-------+-------+-------+-------++-------
Melee: Quarterstaff      |    97 |   124 |   323 |   644 |  1829 |  1486 |       |   548 ||  5051
       Tailslap          |     9 |    12 |    50 |   111 |   389 |   355 |       |   223 ||  1149
       Headbutt          |       |       |       |       |       |   242 |       |   300 ||   542
       Lajatang          |       |       |       |       |       |       |       |   205 ||   205
Throw: Throwing net      |       |     3 |     1 |     2 |       |       |       |       ||     6
       Dart              |       |       |       |     5 |   106 |   166 |       |    13 ||   290
       Boomerang         |       |       |       |       |    31 |   216 |       |       ||   247
       Javelin           |       |       |       |       |       |     6 |       |     1 ||     7
Invok: Stomp             |       |       |       |    27 |    19 |    21 |       |       ||    67
       Grand Finale      |       |       |       |       |     5 |     2 |       |       ||     7
       Line Pass         |       |       |       |       |     3 |       |       |     1 ||     4
Evoke: Wand              |       |       |       |     2 |    11 |    22 |       |       ||    35
       Condenser vane    |       |       |       |       |     3 |     2 |       |     2 ||     7
       Tin of tremorston |       |       |       |       |     1 |       |       |     1 ||     2
       Phantom mirror    |       |       |       |       |       |     2 |       |       ||     2
  Use: Scroll            |    10 |     2 |     2 |    10 |    12 |    14 |       |    14 ||    64
       Potion            |       |     1 |     2 |     9 |    12 |    20 |     1 |     2 ||    47
 Stab: Paralysed         |       |       |    10 |    64 |   159 |   117 |       |    93 ||   443
       Held in net/web   |       |       |     1 |     2 |       |       |       |       ||     3
       Petrified         |       |       |       |     4 |       |       |       |       ||     4
       Petrifying        |       |       |       |     1 |       |       |       |       ||     1
       Sleeping          |       |       |       |       |    29 |     5 |       |    21 ||    55
       Distracted        |       |       |       |       |     7 |     1 |       |     6 ||    14
       Confused          |       |       |       |       |    10 |       |       |     2 ||    12
       Invisible         |       |       |       |       |     1 |       |       |       ||     1
Armor: Leather armour    |    28 |     7 |       |       |       |       |       |       ||    35
       Chain mail        |       |    79 |    96 |       |       |       |       |       ||   175
       Ring mail         |       |       |    48 |   374 |   805 |   474 |       |       ||  1701
       Scale mail        |       |       |       |       |    64 |       |       |       ||    64
       Fire dragon scale |       |       |       |       |       |   428 |       |    85 ||   513
       Shadow dragon sca |       |       |       |       |       |       |       |   224 ||   224
Dodge: Dodged            |    40 |    48 |   104 |   205 |   807 |   705 |       |   244 ||  2153
Block: Other             |       |    17 |    54 |   114 |   348 |   191 |       |       ||   724
       Reflection        |       |     1 |       |       |     7 |     1 |       |       ||     9

Table legend: (Time is in decaauts)
 A = Elapsed time spent in this place.
 B = Non-inter-level travel time spent in this place.
 C = Inter-level travel time spent in this place.
 D = Time resting spent in this place.
 E = Time spent auto-exploring this place.
 F = Levels seen in this place.
 G = Mean time per level.
                   A        B        C        D        E       F      G
               +--------+--------+--------+--------+--------+-----+--------+
         Total |  42561 |  40179 |   2382 |   6010 |  25864 |  38 | 1120.0 |
       Dungeon |  15543 |  14263 |   1280 |    711 |  11013 |  15 | 1036.2 |
        Temple |     47 |     37 |     10 |      0 |      0 |   1 |   47.0 |
          Lair |   6603 |   6158 |    445 |    618 |   4386 |   5 | 1320.6 |
         Swamp |   5555 |   5309 |    246 |   1470 |   2591 |   4 | 1388.8 |
   Spider Nest |   6363 |   6105 |    258 |   1283 |   3481 |   4 | 1590.8 |
  Orcish Mines |   1547 |   1463 |     84 |     30 |   1134 |   2 |  773.5 |
        Vaults |   4497 |   4440 |     57 |    893 |   2698 |   4 | 1124.2 |
      Ice Cave |   1518 |   1518 |      0 |    767 |    385 |   1 | 1518.0 |
       Volcano |    485 |    485 |      0 |    198 |     70 |   1 |  485.0 |
      Gauntlet |    398 |    398 |      0 |     37 |    104 |   1 |  398.0 |
               +--------+--------+--------+--------+--------+-----+--------+

Top non-repeatable levels by time:
 Swamp:4: 2407 daAuts
Spider:3: 1825 daAuts
Spider:4: 1795 daAuts
Vaults:1: 1773 daAuts
  Lair:5: 1720 daAuts
Spider:2: 1674 daAuts
    D:11: 1604 daAuts
Vaults:2: 1590 daAuts
    D:14: 1544 daAuts
   IceCv: 1518 daAuts
  Lair:2: 1440 daAuts
  Lair:1: 1312 daAuts
 Swamp:3: 1285 daAuts
  Lair:3: 1275 daAuts
     D:3: 1235 daAuts
